AoeStats
← boriska

Arabia

504272213Analyzed
3v3 RM · 29d ago on Sep 4, 2026· 63m 48s· 6 players
Game mode
Random Map
Map size
Normal (6 player)
Population
200
Speed
Normal
Resources
Standard
Victory
Conquest
Starting age
Dark Age
Ending age
Imperial Age
RankedLock teamsTeams togetherTeam positionsShared explorationLock speedFull tech treeHidden civsTurbo modeCheats
Victory
Defeat
🇬🇪 Magyars · Georgia
953
+14
🇬🇪 Goths · Georgia
944
+14
🇬🇪 Romans · Georgia
941
+14
🇺🇸 Ethiopians · United States
969
-16
🇺🇸 Teutons · United States
944
-16
🇺🇸 Jurchens · United States
813
-10
I AM DeadShot!
7:57 Loom
10:07 Feudal Age
10:53 Double-Bit Axe
12:24 Horse Collar
14:10 Fletching
15:51 Padded Archer Armor
20:13 Wheelbarrow
24:12 Castle Age
23:30 Gold Mining
24:30 Crossbowman
25:07 Bodkin Arrow
25:23 Thumb Ring
26:08 Gold Shaft Mining
26:10 Elite Skirmisher
31:39 Scale Barding Armor
34:31 Imperial Age
32:35 Leather Archer Armor
33:32 Forging
34:24 Bow Saw
34:37 Arbalester
35:19 Bracer
36:34 Chemistry
37:06 Ring Archer Armor
39:11 Ballistics
39:43 Hand Cart
40:45 Siege Engineers
43:31 Scale Mail Armor
44:54 Guilds
45:55 Chain Mail Armor
46:34 Heavy Plow
47:10 Halberdier
47:51 Squires
48:23 Plate Mail Armor
48:20 Conscription
47:21 Elite Shotel Warrior
50:16 Iron Casting
49:58 Masonry
59:47 Arson
JoshMosh
5:04 Loom
11:56 Feudal Age
12:53 Horse Collar
18:40 Castle Age
17:14 Double-Bit Axe
20:02 Coinage
19:33 Pikeman
21:53 Man-at-Arms
24:06 Fletching
24:29 Forging
24:20 Scale Mail Armor
25:35 Wheelbarrow
27:12 Heavy Plow
29:02 Stone Mining
29:26 Bow Saw
29:34 Bodkin Arrow
30:45 Squires
30:36 Town Watch
32:20 Hand Cart
39:33 Imperial Age
38:25 Chain Mail Armor
38:46 Iron Casting
39:44 Elite Teutonic Knight
40:46 Conscription
41:46 Chemistry
42:53 Blast Furnace
42:23 Plate Mail Armor
46:24 Halberdier
46:49 Gambesons
47:49 Crenellations
53:34 Banking
53:12 Siege Engineers
53:28 Ballistics
53:28 Bombard Tower
59:15 Scale Barding Armor
TuftedNut28
5:25 Loom
11:13 Feudal Age
11:31 Feudal Age
13:05 Double-Bit Axe
14:01 Horse Collar
25:41 Castle Age
29:51 Bow Saw
30:29 Husbandry
30:40 Bloodlines
33:03 Forging
37:55 Scale Barding Armor
42:37 Imperial Age
40:56 Chain Barding Armor
43:45 Wheelbarrow
43:49 Iron Casting
43:31 Gold Mining
43:38 Stone Mining
45:02 Elite Iron Pagoda
45:50 Elite Steppe Lancer
47:50 Blast Furnace
46:50 Scale Mail Armor
47:27 Plate Barding Armor
48:25 Pikeman
49:05 Squires
50:14 Elite Iron Pagoda
50:58 Fortified Bastions
52:26 Halberdier
62:00 Chain Mail Armor
62:03 Hand Cart
miha
3:34 Loom
10:49 Feudal Age
11:43 Double-Bit Axe
11:26 Man-at-Arms
11:58 Horse Collar
12:53 Scale Mail Armor
15:58 Forging
21:31 Castle Age
20:15 Stone Mining
20:49 Gold Mining
23:13 Chain Mail Armor
24:19 Bow Saw
25:10 Heavy Plow
26:07 Squires
29:05 Iron Casting
30:21 Anarchy
31:44 Pikeman
36:34 Wheelbarrow
40:14 Imperial Age
40:24 Hand Cart
42:01 Blast Furnace
41:30 Conscription
42:43 Elite Huskarl
44:53 Crop Rotation
46:01 Perfusion
52:56 Halberdier
boriska
8:01 Loom
10:39 Feudal Age
11:25 Double-Bit Axe
13:15 Horse Collar
15:26 Bloodlines
18:49 Wheelbarrow
18:43 Scale Barding Armor
23:41 Castle Age
22:04 Stone Mining
22:07 Gold Mining
24:36 Bow Saw
24:29 Heavy Plow
31:37 Husbandry
31:58 Fishing Lines
32:57 Hand Cart
33:28 Chain Barding Armor
36:20 Gold Shaft Mining
39:36 Imperial Age
40:06 Corvinian Army
40:53 Conscription
39:54 Elite Magyar Huszar
41:17 Plate Barding Armor
41:25 Crop Rotation
40:57 Cavalier
43:00 Paladin
45:10 Chemistry
kovrik
10:57 Feudal Age
11:08 Loom
11:54 Man-at-Arms
12:28 Horse Collar
13:40 Double-Bit Axe
15:28 Scale Mail Armor
24:11 Castle Age
24:55 Long Swordsman
26:32 Squires
26:53 Heavy Plow
27:05 Bow Saw
31:14 Chain Mail Armor
34:25 Ballistas
41:18 Forging
45:54 Imperial Age
46:58 Heavy Scorpion
48:45 Chemistry
48:07 Ballistics
48:50 Iron Casting
58:15 Fortified Wall
58:45 Crop Rotation
Connection lost

Rejoining the realm…

Still unreachable

The connection could not be restored.

Session expired

The server has moved on; the page needs a fresh start.